 Dungeon Crawl Stone Soup version 0.18-a0-1027-g814d7dd (webtiles) character file.

58 M4edhros the Sneak (level 4, -1/28 HPs)
             Began as an Octopode Artificer on Jan 9, 2016.
             Killed from afar by an orc wizard (6 damage)
             ... with a magic dart
             ... on level 4 of the Dungeon.
             The game lasted 00:04:26 (1599 turns).

M4edhros the Sneak (Octopode Artificer)             Turns: 1599, Time: 00:04:27

Health: -1/28      AC:  1    Str: 10    XL:     4   Next: 1%
Magic:  6/6        EV: 13    Int: 15    God:
Gold:   68         SH:  0    Dex: 12    Spells: 0 memorised, 3 levels left

rFire  . . .     SeeInvis .     r - +3 short sword (speed)
rCold  . . .     Gourm    .     (no shield)
rNeg   . . .     Faith    .     (helmet restricted)
rPois  .         Spirit   .     (no amulet)
rElec  .         Dismiss  .     (no ring)
rCorr  .         Reflect  .     t - ring of flight
SustAt .         Harm     .     (no ring)
MR     .....                    (no ring)
Stlth  ++++......               (no ring)
                                (no ring)
                                (no ring)
                                (no ring)

@: very slightly contaminated, invisible, not resistant to hostile enchantments,
stealthy
A: almost no armour, amphibious, 8 rings, constrict 8, camouflage 1, gelatinous
body 1
a: Evoke Flight


You were on level 4 of the Dungeon.
You were very hungry.

You visited 1 branch of the dungeon, and saw 4 of its levels.

You collected 68 gold pieces.

Inventory:

Hand Weapons
 a - a +0 short sword
 r - a +3 short sword of speed (weapon)
 w - a +0 hunting sling
Missiles
 e - 132 stones
 p - 24 sling bullets
 q - 8 javelins (quivered)
Jewellery
 t - a ring of flight (right tentacle)
Wands
 b - a wand of flame (15/48)
 c - a wand of enslavement (12/24)
 d - a wand of random effects (13/48)
Scrolls
 h - 5 scrolls of amnesia
 n - a scroll of blinking
 v - a scroll of enchant armour
Potions
 i - a potion of haste {unknown}
 j - a potion of heal wounds {unknown}
 k - a potion of curing {unknown}
 l - a potion of invisibility
 m - a potion of experience
 o - a potion of brilliance
Comestibles
 f - a bread ration
 g - a meat ration


   Skills:
 - Level 1.0 Fighting
 - Level 1.0 Short Blades
 * Level 0.4 Slings
 * Level 3.0 Dodging
 * Level 3.7 Stealth
 + Level 3.4 Evocations


You had 3 spell levels left.
You didn't know any spells.

Dungeon Overview and Level Annotations

Branches:
Dungeon (4/15)
 Temple: D:4-7

Altars:
Nemelex Xobeh
Qazlal


Innate Abilities, Weirdness & Mutations

You cannot wear most types of armour.
You are amphibious.
You can wear up to eight rings at the same time.
You can use your tentacles to constrict eight enemies at once.
Your skin changes colour to match your surroundings (Stealth).
Your rubbery body absorbs attacks (AC +1).


Message History

Something hits your orc wizard but does no damage.
What do you say? t - Shout!
Orders for allies: a - Attack new target. r - Retreat! s - Stop attacking. w - Wait here. f - Follow me.
Anything else - Stay silent.
Wait here!
You hear a shout!
Your orc wizard looks braver for a moment.
Your orc wizard closely misses something.
Something hits your orc wizard.
Your orc wizard dies!
Drink which item? (? for menu, Esc to quit)
You fade into invisibility!
You are very lightly contaminated with residual magic.
A magic dart appears from out of thin air!
Deactivating autopickup; reactivate with Ctrl-A.
The magic dart hits you!
You die...

..... .)#... ...... #.#..#
#. #.#..# # #.# #.#..#
#.##.#####.#..#
#.......##.#@.#
#.##.##.##.#..#
###..........#..#
............##..# #
##.#...#.#.##.{##.##..#
#.......#.....o)oo...?
#####......#......#####b.#
.....#......#######
..........#.#


You could see an orc wizard (wandering).

Vanquished Creatures
  An ooze (D:1)
  2 worms (D:2)
  3 orcs (D:4)
  7 bats
  4 goblins (D:1)
  4 hobgoblins (D:1)
  A jackal (D:1)
  A quokka (D:2)
  A ball python (D:2)
  4 giant newts
  9 kobolds
  7 rats
44 creatures vanquished.

Vanquished Creatures (others)
  An orc wizard (D:4)
1 creature vanquished.

Grand Total: 45 creatures vanquished

Notes
Turn   | Place    | Note
--------------------------------------------------------------
     0 | D:1      | M4edhros the Octopode Artificer began the quest for the Orb.
     0 | D:1      | Reached XP level 1. HP: 13/13 MP: 3/3
     7 | D:1      | Found a sparkling altar of Nemelex Xobeh.
   348 | D:1      | Reached XP level 2. HP: 15/18 MP: 4/4
   804 | D:1      | Reached XP level 3. HP: 17/23 MP: 5/5
  1486 | D:4      | Found a stormy altar of Qazlal.
  1528 | D:4      | Noticed a phantom
  1586 | D:4      | Reached XP level 4. HP: 24/28 MP: 6/6
  1599 | D:4      | Killed from afar by an orc wizard

Vault maps used:
D:1:      minmay_arrival_three_doors, nemelex_xobeh_ov_fountains_minmay
D:2:      st_stairs_9, uniq_iyjb
D:3:      ecumenical_altar_1
D:4:      minmay_temple_entry_butterflies, first_bread,
          minmay_tree_intersection, grunt_qazlal_clouds

Action                   |  1- 3 |  4- 6 || total
-------------------------+-------+-------++-------
Melee: Short sword       |    85 |     1 ||    86
Throw: Javelin           |     4 |       ||     4
Evoke: Wand              |       |     5 ||     5
  Use: Scroll            |     8 |       ||     8
       Potion            |       |     1 ||     1
 Stab: Sleeping          |     7 |       ||     7
       Distracted        |     1 |       ||     1
  Eat: Chunk             |     1 |       ||     1
